 Dungeon Crawl Stone Soup version 0.31.0-32-g396128a36d (webtiles) character file.

Game seed: 11750495589454077297

28367 CrypticCrinoid the Severer (level 13, -12/119 HPs)
             Began as a Minotaur Berserker on Apr 12, 2024.
             Was a High Priest of Trog.
             Shot with an arrow by a deep elf archer (23 damage)
             ... on level 13 of the Dungeon on Apr 13, 2024.
             The game lasted 00:37:08 (13518 turns).

CrypticCrinoid the Severer (Minotaur Berserker)    Turns: 13518, Time: 00:37:08

Health: -12/119    AC: 26    Str: 32    XL:     13   Next: 9%
Magic:  0/4        EV: 11    Int:  4    God:    Trog [*****.]
Gold:   343        SH:  0    Dex: 15    Spells: 12/12 levels left

rFire   + . .        O - +8 broad axe "Hinutaotzi" {antimagic, Dex+4}
rCold   . . .        p - +0 buckler
rNeg    . . .        d - +0 plate armour
rPois   .            t - +1 hat
rElec   .            C - +2 cloak
rCorr   .            u - +0 pair of gloves
SInv    .            F - +2 pair of boots
Will    .....        k - amulet of guardian spirit Stlth
                     J - +6 ring of strength
HPRegen 0.39/turn    K - ring of protection from fire
MPRegen 0.09/turn

%: guardian spirit
@: confused, on berserk cooldown, slowed, very slow
A: horns 2, retaliatory headbutt
a: Renounce Religion, Berserk, Trog's Hand, Brothers in Arms


You were on level 13 of the Dungeon.
You worshipped Trog.
Trog was extremely pleased with you.
You visited 1 branch of the dungeon, and saw 13 of its levels.
You also visited: Sewer and Ossuary.

You collected 888 gold pieces.
You spent 545 gold pieces at shops.

Inventory:

Hand Weapons
 q - a +2 battleaxe of flaming
 D - a +0 war axe of flaming
 H - the +0 hand axe "Arbiter" {spect, Str+4 Dex+3}
   (You found it on level 11 of the Dungeon)

   Str+4:     It affects your strength (+4).
   Dex+3:     It affects your dexterity (+3).
 O - the +8 broad axe "Hinutaotzi" (weapon) {antimagic, Dex+4}
   (Trog gifted it to you on level 13 of the Dungeon)

   Dex+4:     It affects your dexterity (+4).
Missiles
 L - a throwing net (quivered)
Armour
 d - a +0 plate armour (worn)
 p - a +0 buckler (worn)
 t - a +1 hat (worn)
 u - a +0 pair of gloves (worn)
 C - a +2 cloak (worn)
 F - a +2 pair of boots (worn)
Jewellery
 k - an amulet of guardian spirit (around neck)
 J - a +6 ring of strength (left hand)
 K - a ring of protection from fire (right hand)
Wands
 s - a wand of flame (38)
 y - a wand of charming (10)
 E - a wand of roots (8)
 G - a wand of digging (4)
Scrolls
 b - 3 scrolls of brand weapon
 c - 3 scrolls of revelation
 g - 2 scrolls of enchant weapon
 l - 5 scrolls of poison
 m - 3 scrolls of fog
 n - 5 scrolls of teleportation
 o - 2 scrolls of noise
 r - 2 scrolls of identify
 A - 2 scrolls of fear {unknown}
 I - a scroll of immolation
 N - 3 scrolls of torment {unknown}
Potions
 a - a potion of attraction
 e - 9 potions of curing
 f - 2 potions of cancellation
 h - 4 potions of lignification
 i - 2 potions of enlightenment
 j - a potion of haste {unknown}
 v - 2 potions of ambrosia {unknown}
 w - 2 potions of resistance {unknown}
 x - 4 potions of invisibility
 z - a potion of heal wounds
 B - 2 potions of might
 M - a potion of mutation {unknown}


   Skills:
 * Level 12.7 Fighting
 * Level 16.6 Axes
 * Level 14.0 Armour
 * Level 6.9 Dodging
 - Level 0.8 Stealth
 * Level 7.2 Shields


You had 12 spell levels left.
You didn't know any spells.
Your spell library was empty.

Dungeon Overview and Level Annotations

Branches:
Dungeon (13/15)            Temple (0/1) D:7            Lair (0/5) D:9
    Orc (0/2) D:9           Sewer (visited)         Ossuary (visited)
 Vaults: D:13-14

Altars:
Gozag
Nemelex Xobeh
Okawaru
Ru
Wu Jian
Zin
The Shining One

Shops:
D:5 =*   D:7 ?   D:9 *:*   D:11 [

Portals:
Trove: D:10 (give 4 scrolls of blinking)


Innate Abilities, Weirdness & Mutations

You have a pair of horns on your head.
You reflexively headbutt those who attack you in melee.


Message History

You closely miss the skeletal warrior.
You block the skeletal warrior's attack.
The deep elf pyromancer hits you but does no damage.
You slice the deep elf pyromancer!!
You kill the deep elf pyromancer!
Trog accepts your kill.
Trog appreciates your killing of a magic user.
You closely miss the skeletal warrior.
The deep elf archer gestures wildly while chanting.
The deep elf archer blinks!
The skeletal warrior hits you but does no damage.
Items here: ( ) [ †.
You closely miss the skeletal warrior. You headbutt the skeletal warrior.
The skeletal warrior is almost destroyed.
You slice the skeletal warrior like a ripe choko!!!
You destroy the skeletal warrior!
Trog accepts your kill.
Your Armour skill increases to level 14!
You see here a +0 battleaxe.
You feel a strong urge to attack something.
The deep elf archer shoots an arrow.
The arrow hits you.
You are no longer berserk.
You are exhausted.
You feel yourself slow down.
The deep elf archer shoots an arrow.
The arrow barely misses you.
The deep elf archer shoots an arrow.
The arrow barely misses you.
The deep elf archer shoots an arrow.
The arrow hits you!!
* * * LOW HITPOINT WARNING * * *
The deep elf archer mumbles some strange words.
The deep elf archer blinks!
The deep elf archer shoots an arrow.
The arrow hits you!
* * * LOW HITPOINT WARNING * * *
The deep elf archer gestures at you while chanting.
You are confused.
You bump into the metal wall.
The deep elf archer shoots an arrow.
The arrow barely misses you.
The deep elf archer shoots an arrow.
The arrow misses you.
You bump into the metal wall.
The deep elf archer shoots an arrow.
The arrow hits you!!
You die...

#..............# ###
#..###########...### ..
#..# .. #.### # .##..##.
# #.# #. #.#..#)# .# #.#
#..##.#..#.##..# ##.#
#.......).)# ####..#
#######)#.)#e#####....##
........)......@...####
.......))..........#
.######.#..#.#######
#.......)).#.#
..##.#..#.##..# #.
#.#..#.#.#.# #
.##..##.#..# ..
#..#....[# ## #(.#######


You could see a deep elf archer (repels missiles).

Vanquished Creatures
  4 hydras
  2 ogre magi
  3 centaur warriors
  2 boulder beetles (D:12)
  A tengu warrior (D:12)
  3 two-headed ogres
  Urug (D:13)
  A skeletal warrior (D:13)
  An arcanist (D:12)
  4 deep elf pyromancers
  A deep elf zephyrmancer (D:13)
  4 manticores
  A wolf spider (D:12)
  2 cyclopes
  4 centaur skeletons (D:13)
  A cane toad (shapeshifter) (D:12)
  Maggie (D:6)
  3 yaktaurs (D:13)
  2 unseen horrors
  A komodo dragon (D:12)
  2 kobold demonologists
  2 trolls
  Prince Ribbit (D:5)
  3 hornets
  A shadow (D:11)
  A wraith (D:10)
  A wyvern (D:8)
  3 vampire mosquitoes (D:12)
  2 steam dragons
  6 water moccasins
  6 orc warriors
  6 black bears
  4 ogres
  12 centaurs
  A phantom (D:5)
  2 kobold brigands
  6 bullfrogs
  6 scorpions
  A burial acolyte (Ossuary)
  8 water moccasin zombies (Ossuary)
  17 wights
  5 killer bees (D:9)
  3 howler monkeys (D:7)
  2 bombardier beetles (D:5)
  7 orc priests
  6 hounds
  A jelly (D:8)
  Ijyb (D:4)
  A gnoll bouda (D:4)
  7 iguanas
  Natasha (thrice) (D:2)
  21 orc wizards
  A bullfrog simulacrum (Ossuary)
  2 crocodile zombies (Ossuary)
  2 mummies (Ossuary)
  8 gnolls
  12 adders
  4 river rats
  2 white imps
  4 ufetubi
  3 adder zombies (Ossuary)
  2 ribbon worms
  3 dart slugs (D:4)
  60 orcs
  8 endoplasms
  3 giant cockroaches
  6 gnoll zombies (Ossuary)
  6 goblins
  6 hobgoblins
  8 jackals
  20 kobolds
  3 quokkas
  14 ball pythons
  5 bats
  5 frilled lizards
  7 jackal zombies (Ossuary)
  7 orc zombies (Ossuary)
  25 rats
416 creatures vanquished.

Vanquished Creatures (others)
  2 orcs
  A kobold (D:8)
3 creatures vanquished.

Grand Total: 419 creatures vanquished

Notes
Turn   | Place    | Note
-------+----------+-------------------------------------------
     0 | D:1      | CrypticCrinoid the Minotaur Berserker began the quest for
                  | the Orb.
     0 | D:1      | Reached XP level 1. HP: 19/19 MP: 0/0
   118 | D:1      | Reached skill level 4 in Axes
   118 | D:1      | Reached XP level 2. HP: 16/21 MP: 1/1
   217 | D:1      | Reached XP level 3. HP: 21/30 MP: 2/2
   292 | D:1      | Reached ** piety under Trog
   710 | D:2      | Noticed Natasha
   722 | D:2      | Killed Natasha
   723 | D:2      | Reached XP level 4. HP: 34/41 MP: 0/3
   898 | D:2      | Noticed Natasha
   905 | D:2      | Killed Natasha
   906 | D:2      | Reached skill level 5 in Axes
  1113 | D:2      | Noticed Natasha
  1123 | D:2      | Killed Natasha
  1288 | D:3      | Reached XP level 5. HP: 42/47 MP: 4/4
  1588 | D:3      | Found a faded altar of an unknown god.
  2034 | D:4      | Reached *** piety under Trog
  2040 | D:4      | Reached skill level 6 in Axes
  2041 | D:4      | Reached skill level 5 in Fighting
  2041 | D:4      | Reached XP level 6. HP: 56/56 MP: 5/5
  2320 | D:4      | Reached skill level 7 in Axes
  2320 | D:4      | Reached XP level 7. HP: 58/61 MP: 6/6
  2424 | D:4      | Noticed Ijyb
  2442 | D:4      | Killed Ijyb
  2446 | D:4      | HP: 3/61 [poisoned by Ijyb]
  2447 | D:4      | HP: 1/61 [poisoned by Ijyb]
  3219 | D:5      | Entered Level 5 of the Dungeon
  3287 | D:5      | Reached skill level 8 in Axes
  3289 | D:5      | Reached skill level 5 in Armour
  3366 | D:5      | Found a glowing drain.
  3371 | Sewer    | Entered a sewer
  3558 | Sewer    | Reached **** piety under Trog
  3579 | Sewer    | Reached XP level 8. HP: 68/70 MP: 5/7
  3766 | D:5      | Found a sacrificial altar of Ru.
  3800 | D:5      | Found Pifaicle's Gadget Gallery.
  3803 | D:5      | Found Zeiclar's Jewellery Emporium.
  3822 | D:5      | Found a sand-covered staircase.
  3831 | Ossuary  | Entered an ossuary
  3909 | Ossuary  | Reached skill level 9 in Axes
  4042 | Ossuary  | Reached ***** piety under Trog
  4510 | D:5      | Reached skill level 10 in Axes
  4550 | D:5      | Noticed Prince Ribbit
  4556 | D:5      | Killed Prince Ribbit
  4557 | D:5      | Reached XP level 9. HP: 79/79 MP: 5/8
  4563 | D:5      | Received a gift from Trog
  4930 | D:5      | Found a sparkling altar of Nemelex Xobeh.
  5278 | D:6      | Reached skill level 11 in Axes
  5297 | D:6      | Noticed Maggie
  5314 | D:6      | Killed Maggie
  6061 | D:7      | Found a staircase to the Ecumenical Temple.
  6246 | D:7      | Found Pukk's Magic Scroll Shoppe.
  6253 | D:7      | Bought a scroll of noise for 14 gold pieces
  6398 | D:7      | Paralysed by a hornet for 2 turns
  6617 | D:7      | Reached skill level 12 in Axes
  6620 | D:7      | Reached skill level 1 in Shields
  6620 | D:7      | Reached XP level 10. HP: 65/86 MP: 5/9
  7032 | D:7      | Found an ornate altar of the Wu Jian Council.
  7184 | D:7      | Found an opulent altar of Gozag.
  7447 | D:8      | Found an iron altar of Okawaru.
  8035 | D:9      | Found a staircase to the Lair.
  8038 | D:9      | Noticed a two-headed ogre
  8070 | D:8      | Reached skill level 10 in Armour
  8076 | D:8      | Killed a two-headed ogre
  8077 | D:8      | Reached skill level 13 in Axes
  8345 | D:9      | Received a gift from Trog
  8398 | D:9      | Reached skill level 10 in Fighting
  8616 | D:9      | Found a glowing silver altar of Zin.
  8638 | D:9      | Found Eshrui Hami's General Store.
  8641 | D:9      | Found Sacetodd's Book Shop.
  8642 | D:9      | Found Fieptal's General Store.
  8662 | D:9      | Bought a +0 pair of boots for 67 gold pieces
  8662 | D:9      | Bought a +0 hat for 60 gold pieces
  8708 | D:9      | Found a staircase to the Orcish Mines.
  8909 | D:9      | Reached ****** piety under Trog
  9037 | D:9      | Found a glowing golden altar of the Shining One.
  9226 | D:10     | Entered Level 10 of the Dungeon
  9327 | D:10     | Found a portal to a secret trove of treasure.
  9347 | D:10     | Reached XP level 11. HP: 89/100 MP: 7/10
  9471 | D:10     | Paralysed by a hornet for 3 turns
 10109 | D:11     | Reached skill level 14 in Axes
 10194 | D:11     | Found Feiqis's Antique Armour Shop.
 10202 | D:11     | Bought a glowing cloak for 202 gold pieces
 10202 | D:11     | Bought a pair of runed boots for 202 gold pieces
 10327 | D:11     | Noticed a two-headed ogre
 10339 | D:11     | Killed a two-headed ogre
 10501 | D:11     | Reached skill level 5 in Shields
 10593 | D:11     | Identified the +0 hand axe "Arbiter" {spect, Str+4 Dex+3}
 10640 | D:11     | Reached skill level 5 in Dodging
 10895 | D:12     | Noticed a centaur warrior
 10902 | D:12     | Killed a centaur warrior
 11004 | D:12     | Noticed a deep elf pyromancer
 11011 | D:12     | Killed a deep elf pyromancer
 11029 | D:12     | Noticed a wolf spider
 11030 | D:12     | Noticed an arcanist
 11032 | D:12     | Noticed an eight-headed hydra
 11040 | D:12     | Killed an arcanist
 11041 | D:12     | Noticed an ogre mage
 11045 | D:12     | Killed a wolf spider
 11046 | D:12     | Killed a three-headed hydra
 11047 | D:12     | Reached skill level 15 in Axes
 11054 | D:12     | Paralysed by something for 5 turns
 11262 | D:13     | Noticed a centaur warrior
 11282 | D:12     | Noticed a seven-headed hydra
 11282 | D:12     | Paralysed by a hornet for 3 turns
 11442 | D:13     | Killed a centaur warrior
 11538 | D:12     | Killed a three-headed hydra
 11539 | D:12     | Reached XP level 12. HP: 60/110 MP: 6/11
 11541 | D:12     | Noticed a boulder beetle
 11545 | D:12     | Paralysed by something for 5 turns
 11546 | D:12     | Noticed a boulder beetle
 11552 | D:12     | Killed an ogre mage
 11829 | D:12     | Killed a boulder beetle
 11835 | D:12     | Killed a boulder beetle
 11896 | D:12     | Noticed a seven-headed hydra
 11902 | D:12     | Noticed a tengu warrior
 11906 | D:12     | Killed a three-headed hydra
 11918 | D:12     | Killed a tengu warrior
 12172 | D:12     | Noticed a centaur warrior
 12181 | D:12     | Killed a centaur warrior
 12655 | D:12     | Reached skill level 16 in Axes
 13209 | D:13     | Noticed an ogre mage
 13210 | D:13     | Noticed a two-headed ogre
 13215 | D:13     | Killed an ogre mage
 13218 | D:13     | Killed a two-headed ogre
 13218 | D:13     | Identified the +8 broad axe "Hinutaotzi" {antimagic, Dex+4}
                  | (Trog gifted it to you on level 13 of the Dungeon)
 13218 | D:13     | Received a gift from Trog
 13487 | D:13     | Noticed Urug
 13488 | D:13     | Noticed a six-headed hydra
 13493 | D:13     | Killed Urug
 13500 | D:13     | Killed a ten-headed hydra
 13501 | D:13     | Reached XP level 13. HP: 74/119 MP: 2/12
 13518 | D:13     | Shot with an arrow by a deep elf archer

Illustrated notes

Levels and vault maps discovered:
D:1:      orjb1_clovarrival, layout_basic
D:2:      layout_rooms, st_stairs_9, uniq_natasha
D:3:      layout_basic, hellmonk_ecumenical_altar_heavens_door
D:4:      minmay_angry_zag, layout_loops_ring, nicolae_zig_zag_zippers,
          uniq_ijyb
D:5:      layout_gridville, nicolae_ru_path_of_blood, nemelex_dance_club_becter,
          nicolae_ossuary_entry_monument, serial_shops, nicolae_shop_waterfront,
          lightli_sewer_entry_pipes, nicolae_shop_gadgets, uniq_prince_ribbit1
D:6:      layout_basic, uniq_maggie
D:7:      layout_layer_cave, mainiacjoe_overflow_alcove_2, grunt_gozag_statues,
          minmay_temple_entry_sparse_star, serial_shops, shop
D:8:      layout_rooms, okawaru_altar_gauntlet_db, corexii_leaking_fountain,
          minmay_gold_behind_fungi
D:9:      layout_cave_pools, zin_scriptorium, tso_altar,
          due_lair_maze_entry_diamond, hiddenorc1_lemuel, serial_shops, shop,
          shop, shop
D:10:     layout_cave_pods, nicolae_trove_entry_isolated
D:11:     layout_cross, serial_shops, shop
D:12:     layout_cave_pods, minivault_28
D:13:     layout_basic, hangedman_vaults_entry_quadrant_bands, uniq_urug

Skill      XL: |  1  2  3  4  5  6  7  8  9 10 11 12 13 |
---------------+----------------------------------------+-----
Axes           | 4 5 6 7 8 10 12 13 15 16 | 16.6
Fighting       | 4 5 6 7 8 10 11 12 | 12.7
Dodging        | 3 4 5 6 |  6.9
Armour         | 3 5 7 9 10 12 13 14 | 14.0
Shields        | 1 4 5 7 |  7.2
Stealth        | |  0.8

Action                     |  1- 3 |  4- 6 |  7- 9 | 10-12 | 13-15 || total
---------------------------+-------+-------+-------+-------+-------++-------
  Melee: Hand axe          |    61 |    99 |   331 |       |       ||   491
         Headbutt          |     6 |    14 |    85 |    83 |     2 ||   190
         Punch             |     1 |       |     4 |       |       ||     5
         War axe           |       |       |    89 |   395 |       ||   484
         Broad axe         |       |       |       |    14 |     7 ||    21
 Invoke: Berserk           |     1 |     4 |     2 |     9 |       ||    16
    Use: Scroll            |       |       |    14 |     5 |       ||    19
         Potion            |       |       |     3 |     3 |       ||     6
   Stab: Sleeping          |     1 |     2 |       |       |       ||     3
 Armour: Animal skin       |    45 |    27 |       |       |       ||    72
         Ring mail         |       |     5 |       |       |       ||     5
         Chain mail        |       |    37 |   307 |       |       ||   344
         Plate armour      |       |       |    17 |   613 |     7 ||   637
  Dodge: Dodged            |    64 |    65 |   183 |   226 |     5 ||   543
  Block: Buckler           |       |       |     2 |   135 |     1 ||   138
